 Dungeon Crawl Stone Soup version 0.23.2-1-ga50397a (webtiles) character file.

Game seed: 16565614336465999487

84 MalarOregon the Ruffian (level 4, 0/38 HPs)
             Began as a Ghoul Gladiator on May 29, 2019.
             Slain by an orc
             ... wielding a +0 club
              (2 damage)
             ... on level 3 of the Dungeon.
             The game lasted 00:01:53 (1418 turns).

MalarOregon the Ruffian (Ghoul Gladiator)           Turns: 1418, Time: 00:01:54

Health: 0/38       AC:  5    Str: 18    XL:     4   Next: 46%
Magic:  3/3        EV: 12    Int:  3    God:
Gold:   76         SH:  0    Dex: 10    Spells: 3/3 levels left

rFire    . . .     SeeInvis .     - Unarmed
rCold    + . .     Gourm    .   (no shield)
rNeg     + + +     Faith    .   a - +0 leather armour
rPois    ∞         Spirit   .   b - +0 helmet
rElec    .         Reflect  .   (no cloak)
rCorr    .         Harm     .   g - +0 pair of gloves
MR       .....                  (no boots)
Stlth    +.........             (no amulet)
HPRegen  0.00/turn              (no ring)
MPRegen  0.08/turn              (no ring)

@: rotting, hasted, very quick
A: rotting body, claws 1, carnivore, cold resistance 1, negative energy
resistance 3, inhibited regeneration, torment resistance, unbreathing
a: no special abilities


You were on level 3 of the Dungeon.
You were not hungry.

You visited 1 branch of the dungeon, and saw 3 of its levels.

You collected 76 gold pieces.

Inventory:

Missiles
 c - 3 throwing nets (quivered) {!f}
Armour
 a - a +0 leather armour (worn)
 b - a +0 helmet (worn)
 g - a +0 pair of gloves (worn)
   (You found it on level 1 of the Dungeon)
Jewellery
 k - a +2 ring of intelligence {unknown}
   (You found it on level 1 of the Dungeon)
 l - an uncursed amulet of faith {unknown}
   (You found it on level 2 of the Dungeon)
Scrolls
 f - a scroll of noise {unknown}
 h - 3 scrolls of teleportation {unknown}
 i - a scroll of enchant armour {unknown}
 p - a scroll of magic mapping {unknown}
Potions
 d - a potion of heal wounds {unknown}
 j - a potion of flight {unknown}
 o - a potion of brilliance {unknown}
Comestibles
 e - 3 rations {!d}


   Skills:
 + Level 3.1 Fighting
 + Level 2.5 Throwing
 + Level 3.2 Dodging
 + Level 4.0 Unarmed Combat


You had 3 spell levels left.
You didn't know any spells.
Your spell library was empty.

Dungeon Overview and Level Annotations

Branches:
Dungeon (3/15)

Altars:


Innate Abilities, Weirdness & Mutations

Your body is rotting away.
You thrive on raw meat.
You are immune to poison.
You have sharp fingernails.
You are carnivorous and can eat meat at any time.
Your flesh is cold resistant. (rC+)
You are immune to negative energy. (rN+++)
You do not regenerate when monsters are visible.
You are immune to unholy pain and torment.
You can survive without breathing.


Message History

You hit the worm. The orc hits you.
You barely miss the worm. The orc closely misses you.
The worm barely misses you.
You punch the worm! The orc barely misses you.
You punch the worm!
You kill the worm!
Your Unarmed Combat skill increases to level 4!
The orc barely misses you.
You hit the orc. The orc hits you.
* * * LOW HITPOINT WARNING * * *
The orc shouts!
You hit the orc.
You hear a shout!
The orc hits you.
* * * LOW HITPOINT WARNING * * *
You closely miss the orc. The orc barely misses you.
Unknown command.
You closely miss the orc. The orc barely misses you.
You closely miss the orc.
A kobold comes into view. It is wielding a +0 dagger.
You closely miss the orc.
The kobold shouts!
The orc hits you.
* * * LOW HITPOINT WARNING * * *
You barely miss the orc. The orc barely misses you.
You hit the orc.
You kill the orc!
The orc hits you with a +0 club.
* * * LOW HITPOINT WARNING * * *
You hit the orc but do no damage. You completely miss the orc.
The orc misses you.
You hit the orc. The orc closely misses you.
Unknown command.
You hit the orc but do no damage. The orc closely misses you.
The kobold hits you but does no damage.
Unknown command.
You closely miss the orc. The orc hits you with a +0 club.
* * * LOW HITPOINT WARNING * * *
The kobold hits you with a +0 dagger.
* * * LOW HITPOINT WARNING * * *
Okay, then.
Things that are here:
a worm corpse; a giant cockroach corpse A rat comes into view.
The rat misses you.
It was a potion of lignification.
You feel woody for a moment. The orc barely misses you. The rat misses you.
It was a potion of haste.
You feel yourself speed up. The rat bites you but does no damage.
The orc hits you with a +0 club.
You die...

### #.. #..##
#.r.# #@##
#o.#
##K#########
#...†<.....#
#....[....<#
#....?.....#
#.........$..
#......$...##
#$...).....#


You could see an orc, a kobold and a rat.

Vanquished Creatures
  2 adders (D:2)
  2 gnolls (D:1)
  An ooze (D:1)
  A worm (D:3)
  An orc (D:3)
  A ball python (D:2)
  3 giant cockroaches
  5 goblins
  7 hobgoblins
  6 kobolds
  A bat (D:2)
  2 frilled lizards
  5 rats
37 creatures vanquished.

Notes
Turn   | Place    | Note
-------+----------+-------------------------------------------
     0 | D:1      | MalarOregon the Ghoul Gladiator began the quest for the
                  | Orb.
     0 | D:1      | Reached XP level 1. HP: 17/17 MP: 0/0
    61 | D:1      | Reached XP level 2. HP: 19/24 MP: 1/1
   238 | D:1      | Reached XP level 3. HP: 17/30 MP: 2/2
   888 | D:2      | Reached XP level 4. HP: 31/37 MP: 3/3
  1398 | D:3      | Reached skill level 4 in Unarmed Combat
  1418 | D:3      | Slain by an orc

Skill      XL: |  1  2  3  4 |
---------------+-------------+-----
Throwing       | 2 |  2.5
Dodging        | 3 |  3.2
Fighting       | 3 |  3.1
Unarmed Combat | 4 |  4.0

Action                   |  1- 3 |  4- 6 || total
-------------------------+-------+-------++-------
Melee: Unarmed           |   121 |    32 ||   153
  Use: Potion            |       |     2 ||     2
  Eat: Chunk             |     3 |       ||     3
Armor: Leather armour    |    23 |     5 ||    28
Dodge: Dodged            |    68 |    20 ||    88
